 Dungeon Crawl Stone Soup version 0.22.0-38-g04b72b8 (webtiles) character file.

107 christhawk the Chopper (level 4, -2/38 HPs)
             Began as a Demonspawn Berserker on Aug 25, 2018.
             Was a Believer of Trog.
             Killed from afar by an orc wizard (9 damage)
             ... with a puff of flame
             ... on level 3 of the Dungeon.
             The game lasted 00:04:06 (2229 turns).

christhawk the Chopper (Demonspawn Berserker)       Turns: 2229, Time: 00:04:07

Health: -2/38      AC:  6    Str: 19    XL:     4   Next: 57%
Magic:  4/4        EV: 12    Int:  8    God:    Trog [**....]
Gold:   67         SH:  0    Dex: 14    Spells: 3/3 levels left

rFire    . . .     SeeInvis .   a - +0 hand axe
rCold    . . .     Gourm    .   (no shield)
rNeg     . . .     Faith    .   f - +0 leather armour
rPois    .         Spirit   .   (no helmet)
rElec    .         Reflect  .   (no cloak)
rCorr    .         Harm     .   i - +1 pair of gloves
MR       ++...                  (no boots)
Stlth    +.........             (no amulet)
HPRegen  1.12/turn              e - +2 ring of dexterity
MPRegen  0.09/turn              (no ring)

@: regenerating
A: talons 1, rugged brown scales 1
a: Berserk, Trog's Hand, Renounce Religion


You were on level 3 of the Dungeon.
You worshipped Trog.
Trog was pleased with you.
You were hungry.

You visited 1 branch of the dungeon, and saw 3 of its levels.

You collected 67 gold pieces.

Inventory:

Hand Weapons
 a - a +0 hand axe (weapon)
Armour
 f - a +0 leather armour (worn)
 i - a +1 pair of gloves (worn)
Jewellery
 e - a +2 ring of dexterity (left hand)
Scrolls
 j - a scroll of remove curse
Potions
 d - a potion of resistance
 g - a potion of flight
 h - a potion of curing
 k - a potion of berserk rage
Comestibles
 c - 3 rations


   Skills:
 + Level 3.7 Fighting
 + Level 3.8 Axes
 + Level 2.2 Armour
 + Level 2.4 Dodging
 + Level 0.1 Stealth


You had 3 spell levels left.
You didn't know any spells.
Your spell library was empty.

Dungeon Overview and Level Annotations

Branches:
Dungeon (3/15)

Altars:


Innate Abilities, Weirdness & Mutations

You have sharp toenails.
You are partially covered in rugged brown scales. (AC +1, +3% HP)


Message History

The arrow hits you! The orc wizard hits you with a dagger.
The centaur unwields an uncursed shortbow.
The centaur completely misses you.
Things that are here:
a flail; an orc corpse You hit the centaur.
You claw the centaur.
The centaur is moderately wounded.
You hit the orc wizard but do no damage.
The centaur barely misses you. The orc wizard casts a spell at you.
The magic dart hits you!
* * * LOW HITPOINT WARNING * * *
The centaur hits you but does no damage.
Your skin crawls.
You feel resistant to hostile enchantments.
You are feeling hungry.
The orc wizard gestures at you while chanting.
The puff of flame hits you!
You die...

##.....#...,,,,,.##?##.#*,,,,,,,,
#..###..##..,,,,....##.##***,.#**
..## **..#.##****#......###...#
##* **...# ##.##......#,*
********,##* #.##.##..##,**
**,,,,,>,* ##....#,.....,*
,,,*****,* ###.†###..##..#.#*
**** *,* #..((....##*.##,,* *,**
**#@(..##### *,#**,,
*,,***#.co##.# ***,,,,,*
**,,*#...###.#****,,,*****
****,#...#**#.#*,,,,*,*
****,,,.....,,,...,,****,*
****,,,,*#...##**,..#******,***
,,,,,****....,,**,###*,,,,,,,,*
***,,,,,,...**,*,,****,,,,,,,,*
*,,,,,,,,,**,*,**,,,,,,,,,,,*


You could see a centaur and an orc wizard.

Vanquished Creatures
  2 adders (D:2)
  A gnoll (D:2)
  An ooze (D:1)
  3 dart slugs
  4 leopard geckos
  2 orcs (D:3)
  6 giant cockroaches
  6 goblins
  7 hobgoblins
  A quokka (D:2)
  4 bats
  5 frilled lizards
  12 kobolds
  10 rats
64 creatures vanquished.

Notes
Turn   | Place    | Note
-------+----------+-------------------------------------------
     0 | D:1      | christhawk the Demonspawn Berserker began the quest for the Orb.
     0 | D:1      | Reached XP level 1. HP: 18/18 MP: 1/1
   233 | D:1      | Gained mutation: You have sharp toenails. [demonic ancestry]
   233 | D:1      | Reached XP level 2. HP: 13/24 MP: 2/2
   808 | D:1      | Reached XP level 3. HP: 26/29 MP: 3/3
   878 | D:1      | Reached ** piety under Trog
  1744 | D:2      | Gained mutation: You are partially covered in rugged brown scales. (AC +1, +3% HP) [demonic ancestry]
  1744 | D:2      | Reached XP level 4. HP: 25/37 MP: 4/4
  2220 | D:3      | Noticed a centaur
  2229 | D:3      | Killed from afar by an orc wizard

Skill      XL: |  1  2  3 |
---------------+----------+-----
Axes           | 3 |  3.8
Armour         | 2 |  2.2
Dodging        | 2 |  2.4
Fighting       | |  3.7
Stealth        | |  0.1

Action                   |  1- 3 |  4- 6 || total
-------------------------+-------+-------++-------
Melee: Hand axe          |   114 |    45 ||   159
       Kick              |    17 |    11 ||    28
Invok: Berserk           |       |     1 ||     1
       Trog's Hand       |       |     1 ||     1
  Use: Potion            |     2 |       ||     2
       Scroll            |     4 |     6 ||    10
 Stab: Sleeping          |       |     1 ||     1
  Eat: Chunk             |     2 |     3 ||     5
Armor: Leather armour    |    20 |    13 ||    33
       Animal skin       |     2 |       ||     2
Dodge: Dodged            |    74 |    44 ||   118
